Map: Catalyst LE

Players

soul - Winner!

  • Race: Terran Terran
  • Spawn Location: 11:00

Rex

  • Race: Zerg Zerg
  • Spawn Location: 5:00

Event: WCS Austin 2018

VOD

Have the link to the VOD?

Description

Time

  • Played on: June 1, 2018, 4:50 p.m.
  • Length: 10:52

All games in this series

Show
View Real Time Build Order
Export as new Build Order

soul Terran - Winner!

Build Orders: Reaper Expand, Bio Tank, Hellion Banshee 

Get SALT Encoding   

  12  0:00  SCV  
  13  0:13  SCV  
  14  0:17  Supply Depot  
  14  0:25  SCV  
  15  0:39  SCV  
  15  0:41  Barracks  
  16  0:45  Refinery  
  16  0:51  SCV  
  17  1:03  SCV  
  18  1:16  SCV  
  19  1:29  Orbital Command, Reaper  
  20  1:42  Command Center  
  20  1:49  Supply Depot  
  20  1:55  SCV  
  21  2:01  Marine  
  21  2:07  SCV  
  23  2:10  Factory  
  23  2:19  SCV  
  23  2:22  Barracks Reactor  
  24  2:34  SCV  
  25  2:40  Command Center  
  25  2:47  SCV  
  26  2:54  Orbital Command  
  26  3:01  Starport  
  26  3:04  SCV  
  27  3:05  Refinery  
  27  3:11  Hellion  
  29  3:15  Hellion  
  29  3:17  SCV  
  32  3:20  Barracks Tech Lab  
  32  3:22  SCV  
  33  3:29  SCV  
  33  3:34  SCV  
  35  3:36  Hellion x2  
  35  3:41  SCV  
  40  3:46  Banshee, Barracks Tech Lab  
  40  3:47  SCV  
  44  3:52  Orbital Command  
  44  3:55  SCV  
  45  3:58  Hellion  
  45  4:01  SCV  
  48  4:05  Hellion  
  48  4:07  SCV  
  51  4:10  Stimpack  
  51  4:11  Marine  
  51  4:13  SCV  
  53  4:19  SCV  
  53  4:20  SCV  
  53  4:23  Supply Depot  
  55  4:25  SCV  
  56  4:31  SCV  
  56  4:32  SCV  
  56  4:34  Starport Reactor  
  56  4:36  Barracks  
  56  4:37  SCV  
  59  4:40  Marine  
  59  4:41  Barracks  
  59  4:43  SCV  
  59  4:44  Siege Tank  
  64  4:47  Supply Depot  
  64  4:53  Engineering Bay  
  64  4:54  Engineering Bay  
  64  4:57  Refinery  
  64  4:59  Refinery, Marine  
  65  5:00  SCV  
  65  5:03  SCV  
  67  5:11  Supply Depot  
  67  5:12  Orbital Command, Supply Depot  
  67  5:13  SCV  
  68  5:16  Marine  
  68  5:17  Starport Reactor  
  68  5:18  SCV  
  70  5:23  Terran Infantry Weapons Level 1, Terran Infantry Armor Level 1  
  70  5:25  SCV  
  71  5:29  Marine x2  
  71  5:30  SCV  
  71  5:35  Marine x3  
  76  5:37  SCV  
  76  5:40  Supply Depot x2, SCV  
  76  5:42  SCV  
  80  5:47  Marine x2  
  80  5:49  SCV  
  83  5:52  Marine, SCV  
  83  5:53  Marine  
  83  5:56  Medivac x2  
  88  5:58  Marine  
  88  6:03  SCV x2  
  91  6:05  Marine x2  
  91  6:08  Siege Tank  
  91  6:10  Marine x2  
  99  6:13  Armory, Combat Shields  
  99  6:15  SCV x2  
  99  6:16  Marine  
  101  6:20  SCV  
  101  6:21  Supply Depot  
  101  6:23  Supply Depot, Marine  
  101  6:24  Marine  
  101  6:25  Liberator  
  104  6:27  SCV x2  
  104  6:28  Marine  
  104  6:32  SCV  
  108  6:35  Marine  
  108  6:37  Barracks x2  
  109  6:42  Marine, SCV  
  109  6:43  Marine  
  109  6:45  Marine  
  116  6:49  Marine  
  116  6:50  SCV  
  116  6:51  Supply Depot  
  116  6:53  Marine  
  116  6:54  Supply Depot  
  119  6:55  SCV x2  
  119  7:00  Marine  
  119  7:01  Marine  
  123  7:03  Marine  
  123  7:06  Marine  
  125  7:12  Marine, Command Center  
  125  7:13  Siege Tank  
  125  7:14  Supply Depot  
  125  7:15  Medivac, Supply Depot  
  131  7:18  Marine x2  
  131  7:21  Marine  
  131  7:22  Refinery  
  134  7:23  Refinery  
  134  7:24  Marine, Supply Depot, Factory  
  134  7:25  Supply Depot  
  134  7:27  Barracks Reactor  
  135  7:30  Marine  
  135  7:34  Marine  
  135  7:35  Marine  
  135  7:36  Marine  
  139  7:38  SCV x2  
  139  7:39  SCV  
  139  7:42  Medivac, Terran Infantry Weapons Level 2  
  144  7:45  Terran Infantry Armor Level 2  
  144  7:50  SCV x2  
  146  7:51  Supply Depot x2, SCV  
  146  7:54  Barracks Tech Lab  
  146  7:55  Concussive Shells, Barracks Reactor  
  146  7:56  Marine  
  148  7:59  Marine  
  148  8:03  Marine  
  148  8:04  Marauder  
  151  8:10  Factory Tech Lab  
  151  8:13  Medivac x2  
  151  8:16  Marine  
  151  8:18  Command Center  
  156  8:29  Marauder, Barracks, Marine x2  
  156  8:31  Barracks x2, Siege Tank x2  
  166  8:36  Marine x5  
  166  8:40  Marine  
  171  8:42  Medivac  
  171  8:47  Marine x2  
  175  8:51  Marauder  
  175  8:54  Marine  
  177  8:58  Marine  
  177  9:00  Medivac, Marine  
  177  9:01  Marine  
  176  9:04  Marine  
  176  9:07  Marine, Siege Tank  
  176  9:09  Marine x2  
  179  9:12  Marauder  
  179  9:16  Medivac  
  162  9:17  Marine  
  162  9:19  Marine  
  162  9:21  Marine  
  162  9:22  Marine, Siege Tank  
  148  9:28  Barracks Tech Lab x3  
  148  9:30  Medivac, Marine x4  
  151  9:32  Planetary Fortress  
  151  9:33  Marauder  
  151  9:34  SCV  
  154  9:39  Siege Tank  
  154  9:44  Marine  
  158  9:46  Marine x3  
  161  9:54  Siege Tank  
  161  9:55  Marauder, Marine  
  161  9:56  Marine  
  161  9:57  Marauder  
  161  9:58  Marauder, Marine x2  
  173  10:02  Sensor Tower  
  173  10:04  Marine  
  171  10:07  Marine x4  
  171  10:11  Siege Tank  
  171  10:13  Marine  
  179  10:14  Marine  
  179  10:16  Marauder, Marine  
  179  10:17  Marine  
  179  10:18  Marine  
  185  10:26  Refinery  
  185  10:27  SCV x2  
  185  10:28  SCV  
  188  10:37  Command Center  
  188  10:39  SCV x2  
  188  10:40  SCV  
Show
View Real Time Build Order
Export as new Build Order

Rex Zerg 

Build Orders: Hatch First 

Get SALT Encoding   

  12  0:01  Drone  
  13  0:12  Overlord  
  13  0:17  Drone  
  14  0:30  Drone x2  
  14  0:34  Drone  
  17  0:52  Hatchery  
  17  0:55  Drone  
  17  0:59  Drone  
  17  1:03  Extractor  
  17  1:17  Spawning Pool  
  16  1:20  Drone  
  16  1:22  Drone  
  18  1:28  Drone  
  19  1:39  Overlord  
  19  1:50  Drone  
  20  2:03  Queen  
  20  2:04  Queen  
  20  2:06  Metabolic Boost  
  20  2:08  Zergling x2  
  25  2:11  Zergling x2  
  27  2:15  Drone  
  27  2:18  Drone  
  27  2:22  Drone  
  29  2:26  Drone  
  30  2:41  Hatchery  
  29  2:44  Drone  
  29  2:48  Queen  
  29  2:50  Drone  
  33  2:54  Overlord  
  33  3:02  Drone  
  33  3:05  Drone x2  
  36  3:15  Drone x6  
  42  3:27  Overlord  
  42  3:30  Queen  
  44  3:34  Overlord x2  
  44  3:46  Drone x7  
  50  3:53  Drone  
  50  3:54  Queen  
  53  4:05  Overlord  
  53  4:06  Drone x2  
  53  4:07  Drone  
  53  4:09  Queen  
  56  4:13  Drone  
  56  4:16  Overlord  
  59  4:22  Overlord  
  58  4:27  Roach Warren  
  58  4:28  Evolution Chamber  
  58  4:29  Evolution Chamber  
  56  4:32  Spore Crawler  
  56  4:35  Spore Crawler, Drone x8  
  62  4:41  Zergling x8  
  66  4:50  Lair  
  66  4:51  Extractor  
  65  4:54  Zergling x6  
  68  5:00  Zerg Melee Weapons Level 1  
  68  5:01  Drone x3  
  68  5:05  Zergling x12  
  68  5:07  Drone  
  78  5:11  Drone x2  
  80  5:17  Drone  
  80  5:18  Drone  
  80  5:19  Drone  
  80  5:20  Drone x2  
  85  5:22  Drone  
  85  5:27  Extractor x2  
  84  5:30  Drone  
  84  5:33  Drone x3  
  84  5:34  Drone x2  
  90  5:41  Overlord  
  90  5:46  Zerg Ground Armor Level 1  
  90  5:50  Hatchery x2  
  90  5:53  Drone x2  
  90  5:54  Baneling Nest, Overlord  
  89  5:57  Extractor  
  86  6:04  Drone  
  86  6:11  Overlord  
  87  6:15  Drone x3  
  87  6:17  Hydralisk Den, Zergling x12  
  95  6:29  Zergling x2  
  95  6:30  Zergling x8  
  100  6:35  Zergling x6  
  103  6:45  Zergling x14  
  107  6:47  Baneling x4  
  107  6:53  Overlord x3  
  107  6:59  Centrifical Hooks, Baneling x3  
  107  7:00  Muscular Augments  
  107  7:05  Baneling  
  107  7:06  Baneling x2  
  105  7:08  Baneling  
  105  7:09  Baneling x7  
  105  7:16  Zergling x22  
  116  7:28  Overlord, Hydralisk  
  116  7:29  Hydralisk x4  
  126  7:33  Hydralisk  
  126  7:35  Hatchery, Zergling x4  
  126  7:36  Zergling x4  
  131  7:44  Hydralisk  
  131  7:45  Hydralisk, Zergling x2  
  136  7:52  Overlord  
  136  7:53  Overlord  
  136  7:57  Hydralisk x4  
  144  8:06  Hatchery  
  144  8:08  Hydralisk x2  
  144  8:09  Zergling x2  
  144  8:12  Grooved Spines  
  142  8:17  Drone x10  
  149  8:28  Hydralisk x5  
  149  8:29  Overlord  
  149  8:32  Overlord  
  148  8:59  Zergling x34  
  105  9:24  Spawning Pool, Hydralisk x4  
  105  9:25  Hydralisk  
  105  9:26  Drone  
  105  9:30  Baneling  
  114  9:37  Baneling x2  
  114  9:38  Baneling x8  
  114  9:42  Drone  
  114  9:43  Drone x2  
  117  9:52  Drone x7  
  124  10:00  Drone x2  
  120  10:15  Hydralisk x2  
  120  10:17  Zergling x18  
  127  10:23  Drone  
  128  10:35  Zergling x2  
Tags
 
Add a new tag
Caveats
  • Supply blocks, unpowered buildings, or Contaminate may cause inaccurate times.
  • Supply counts are checked every 10 seconds.